 Dungeon Crawl Stone Soup version 0.29.1-13-g9f3cf754e1 (webtiles) character file.

Game seed: 1061906248379509175

84 protoss039 the Digger (level 4, 18/33 HPs)
             Began as a Demonspawn Earth Elementalist on Feb 9, 2023.
             Got out of the dungeon alive.
             The game lasted 00:03:25 (2257 turns).

protoss039 the Digger (DsEE)                        Turns: 2257, Time: 00:03:26

Health: 18/33      AC:  4    Str: 14    XL:     4   Next: 24%
Magic:  8/8        EV: 12    Int: 19    God:
Gold:   58         SH:  0    Dex: 13    Spells: 5/8 levels left

rFire   . . .      SeeInvis .   g - +1 dagger (protect)
rCold   . . .      Faith    .   (no shield)
rNeg    . . .      Spirit   .   a - +0 robe
rPois   .          Reflect  .   (helmet restricted)
rElec   .          Harm     .   n - +0 cloak
rCorr   .          Rampage  .   l - +0 pair of gloves
Will    .....                   (no boots)
Stlth   ++........              (no amulet)
HPRegen 0.11/turn               f - +6 ring of strength
MPRegen 0.11/turn               (no ring)

@: no status effects
A: horns 1, ignite blood 1, weakness stinger 1
a: no special abilities


You escaped.
You visited 1 branch of the dungeon, and saw 2 of its levels.

You collected 58 gold pieces.

Inventory:

Hand Weapons
 g - a +1 dagger of protection (weapon)
Armour
 a - a +0 robe (worn)
 c - a +0 helmet
 l - a +0 pair of gloves (worn)
 n - a +0 cloak (worn)
Jewellery
 f - a +6 ring of strength (left hand)
Scrolls
 d - 3 scrolls of identify {unknown}
 k - a scroll of teleportation {unknown}
Potions
 b - a potion of curing {unknown}
 e - 2 potions of might {unknown}
 h - a potion of resistance {unknown}
 i - a potion of lignification
 j - a potion of flight {unknown}
 m - a potion of magic


   Skills:
 + Level 2.0 Fighting
 - Level 1.7 Dodging
 - Level 1.7 Stealth
 + Level 2.9 Spellcasting
 - Level 0.8 Transmutations
 + Level 3.4 Earth Magic


You had 5 spell levels left.
You knew the following spells:

 Your Spells              Type           Power      Damage    Failure   Level
a - Sandblast             Erth           32%        2d9       3%          1
b - Passwall              Tmut/Erth      9%         N/A       10%         2

Your spell library contained the following spells:

 Spells                   Type           Power      Damage    Failure   Level
 Stone Arrow              Conj/Erth      18%        3d8       22%         3
 Petrify                  Tmut/Erth      11%        N/A       54%         4


Dungeon Overview and Level Annotations

Branches:
Dungeon (2/15) Zot: 9719

Altars:

Annotations:
D:2 Terence


Innate Abilities, Weirdness & Mutations

You have a pair of small horns on your head.
Your demonic aura sometimes causes spilled blood to erupt in flames.
You have a small tail.


Message History

The blast of sand hits the goblin!
You kill the goblin!
The goblin hits you but does no damage.
Unknown command.
You barely miss the goblin. The goblin hits you with a +0 club.
* * * LOW HITPOINT WARNING * * *
You hit the goblin.
Your weapon exudes an aura of protection.
The goblin is moderately wounded.
The goblin hits you but does no damage.
Your magical contamination has completely faded away.
You hit the goblin.
The goblin is severely wounded.
The goblin hits you but does no damage.
You closely miss the goblin.
The goblin is severely wounded.
You feel less wooden.
Your +0 cloak unmelds from your body.
Your +0 pair of gloves unmelds from your body.
Your +0 robe unmelds from your body.
The goblin misses you.
You completely miss the goblin. Your headbutt misses the goblin.
The goblin is severely wounded.
The goblin barely misses you.
You hit the goblin.
You kill the goblin!
You see here a +0 club.
You start resting.
Magic restored.
You now have 58 gold pieces (gained 5).
There is a stone staircase leading up here.
You climb upwards.
There is a stone staircase leading down here.
You see here a +0 leather armour.
There is a staircase leading out of the dungeon here.
Are you sure you want to leave the Dungeon?
This will make you lose the game!
Alright, then stay!
Unknown command.
Unknown command.
Are you sure you want to leave the Dungeon?
This will make you lose the game!
You have escaped!

.....#.#.#.#.#.##### #.#
####.#.#.#.#.......# #.#
###.#.#.#.#.##########.#
#...#.#.#.#.........##.#
##...#.#.#.#.#######....#
.....#.#.#.#.......####.#
##...#...#.#.#####.####.#
#...#####.#.#...#.#....#
###.##.....#.#.#@#.######
.....#.#####.#.###.#
##...#.......#.....#
.....#######.#######
##.[.##..# #.#
.#...##..###.##
.........##...##
.#...###.#.....###
###.####.#..>....#


There were no monsters in sight!

Vanquished Creatures
  Robin (D:2)
  An adder (D:2)
  A dart slug (D:1)
  4 ball pythons
  2 bats (D:1)
  6 endoplasms (D:1)
  3 giant cockroaches
  15 goblins
  6 hobgoblins
  3 jackals (D:1)
  3 quokkas (D:1)
  3 frilled lizards (D:1)
  2 kobolds (D:1)
  4 rats
54 creatures vanquished.

Notes
Turn   | Place    | Note
-------+----------+-------------------------------------------
     0 | D:1      | protoss039 the Demonspawn Earth Elementalist began the
                  | quest for the Orb.
     0 | D:1      | Reached XP level 1. HP: 13/13 MP: 3/3
   467 | D:1      | Found a faded altar of an unknown god.
   474 | D:1      | Discovered your monstrous ancestry.
   474 | D:1      | Gained mutation: You have a small tail. [demonic ancestry]
   474 | D:1      | Reached XP level 2. HP: 20/20 MP: 3/5
   681 | D:1      | Reached skill level 1 in Fighting
   722 | D:1      | Reached skill level 3 in Earth Magic
   935 | D:1      | Gained mutation: Your demonic aura sometimes causes spilled
                  | blood to erupt in flames. [demonic ancestry]
   935 | D:1      | Reached XP level 3. HP: 21/26 MP: 3/6
  1668 | D:1      | Learned a level 2 spell: Passwall
  1725 | D:2      | Noticed Terence
  2105 | D:2      | Noticed Robin
  2108 | D:2      | Gained mutation: You have a pair of small horns on your
                  | head. [demonic ancestry]
  2108 | D:2      | Reached XP level 4. HP: 30/33 MP: 2/8
  2120 | D:2      | Killed Robin
  2257 | D:$      | Got out of the dungeon alive.

Illustrated notes

Levels and vault maps discovered:
D:1:      matt_arrival_spirals, layout_loops_ring,
          ebering_ecumenical_altar_rust, grunt_decor_junction
D:2:      layout_loops_ring, uniq_terence, uniq_robin

Skill      XL: |  1  2  3  4 |
---------------+-------------+-----
Fighting       | 1 2 |  2.0
Earth Magic    | 3 |  3.4
Dodging        | |  1.7
Stealth        | |  1.7
Spellcasting   | |  2.9
Transmutations | |  0.8

Action                   |  1- 3 |  4- 6 || total
-------------------------+-------+-------++-------
Melee: Unarmed           |    21 |       ||    21
       Tailslap          |    11 |     2 ||    13
       Dagger            |    61 |    23 ||    84
       Headbutt          |       |     1 ||     1
 Cast: Sandblast         |    45 |     4 ||    49
  Use: Potion            |     1 |     1 ||     2
 Stab: Sleeping          |     1 |       ||     1
Armor: Robe              |    38 |    12 ||    50
       Skin              |       |    48 ||    48
Dodge: Dodged            |    78 |    30 ||   108
